 Dungeon Crawl Stone Soup version 0.22-a0-417-g1387785 (webtiles) character file.

1102 Mgcat the Covert (level 8, -1/36 HPs)
             Began as a Spriggan Enchanter on May 14, 2018.
             Slain by an ogre
             ... wielding a +0 giant spiked club
              (12 damage)
             ... on level 5 of the Dungeon.
             The game lasted 00:20:01 (6203 turns).

Mgcat the Covert (Spriggan Enchanter)               Turns: 6203, Time: 00:20:02

Health: -1/36      AC:  3    Str:  1    XL:     8   Next: 10%
Magic:  12/18      EV: 20    Int: 17    God:
Gold:   306        SH:  0    Dex: 17    Spells: 10/19 levels left

rFire    . . .     SeeInvis +   l - +2 short sword (flame)
rCold    . . .     Gourm    .   (shield restricted)
rNeg     . . .     Faith    .   b - +0 robe
rPois    .         Spirit   .   (helmet restricted)
rElec    .         Reflect  .   e - +0 cloak
rCorr    .         Harm     .   (gloves unavailable)
MR       +....                  (boots unavailable)
Stlth    +++++.....             (no amulet)
HPRegen  0.12/turn              t - ring of stealth {Stlth+}
MPRegen  0.16/turn              q - -4 ring of strength (curse)

@: very quick
A: very small, unfitting armour, see invisible, herbivore, speed 3, slow
metabolism 2
a: no special abilities


You were on level 5 of the Dungeon.
You were near starving.

You visited 1 branch of the dungeon, and saw 5 of its levels.

You collected 306 gold pieces.

Inventory:

Hand Weapons
 a - a +1 dagger
 l - a +2 short sword of flaming (weapon)
   (You took it off an orc on level 3 of the Dungeon)
Missiles
 v - a throwing net {=f, !d}
Armour
 b - a +0 robe (worn)
 e - a +0 cloak (worn)
   (You found it on level 1 of the Dungeon)
Magical Staves
 z - an uncursed staff of fire {rF+}
   (You found it on level 4 of the Dungeon)
Jewellery
 i - an uncursed ring of positive energy {rN+}
   (You found it on level 1 of the Dungeon)
 m - an uncursed ring of magical power {MP+9}
   (You found it on level 2 of the Dungeon)
 q - a cursed -4 ring of strength (right hand)
   (You found it on level 3 of the Dungeon)
 t - a ring of stealth (left hand) {Stlth+}
   (You found it on level 3 of the Dungeon)
 y - an uncursed ring of fire {rF+, rC-}
   (You found it on level 4 of the Dungeon)
Wands
 s - a wand of flame (33)
   (You found it on level 5 of the Dungeon)
Scrolls
 g - 2 scrolls of magic mapping {!r}
 u - 3 scrolls of teleportation
 x - 3 scrolls of identify
Potions
 c - 3 potions of invisibility {unknown}
 f - 4 potions of haste {unknown}
 h - a potion of brilliance {unknown}
 j - a potion of mutation {unknown}
 k - 2 potions of flight {unknown}
 n - a potion of berserk rage {unknown}
 o - a potion of agility {unknown}
 p - 2 potions of degeneration {unknown}
 r - a potion of magic {unknown}
 w - a potion of cancellation {unknown}
Comestibles
 d - 6 rations


   Skills:
 + Level 2.7 Short Blades
 + Level 4.7 Dodging
 + Level 8.2 Stealth
 + Level 6.0 Spellcasting
 + Level 6.4 Hexes
 + Level 3.3 Ice Magic


You had 10 spell levels left.
You knew the following spells:

 Your Spells              Type           Power        Failure   Level  Hunger
a - Corona                Hex            ####...      1%          1    None
b - Ensorcelled Hibernat  Hex/Ice        ###...       2%          2    None
c - Confuse               Hex            ####....     2%          3    ##.....
d - Dazzling Spray        Conj/Hex       ###...       11%         3    ##.....

Your spell library contained the following spells:

 Spells                   Type           Power        Failure   Level  Hunger
 Tukima's Dance           Hex            ####....     2%          3    ##.....


Dungeon Overview and Level Annotations

Branches:
Dungeon (5/15)
 Temple: D:4-7

Altars:
Qazlal
Ru
The Shining One

Annotations:
D:5 Verendum's ghost, novice DrAE


Innate Abilities, Weirdness & Mutations

You are very small and have problems with some larger weapons.
You are too small for most types of armour.
You have supernaturally acute eyesight. (SInv)
You are a herbivore.
You cover ground extremely quickly.
You need to consume almost no food.


Message History

You hit the jackal. You burn the jackal.
The jackal is heavily wounded.
The jackal misses you.
Casting: Ensorcelled Hibernation (safe; 2% risk of failure)
Confirm with . or Enter, or press ? or * to list all spells.
Aiming: Ensorcelled Hibernation (safe; 2% risk of failure)
Press: ? - help, Shift-Dir - straight line, f/p - jackal
Aim: a jackal (heavily wounded, chance to defeat MR: 68%)
The jackal looks drowsy...
The helpless jackal fails to defend itself.
You impale the jackal!! You burn the jackal.
You kill the jackal!
An ice beast comes into view.
The helpless ice beast fails to defend itself.
You impale the ice beast!!
You melt the ice beast.
You kill the ice beast!
You have reached level 8!
Unknown command.
x - 3 scrolls of identify (gained 1)
s - a wand of flame (33)
You now have 306 gold pieces (gained 11).
A howler monkey comes into view.
The howler monkey howls!
Casting: Ensorcelled Hibernation (safe; 2% risk of failure)
Confirm with . or Enter, or press ? or * to list all spells.
Aiming: Ensorcelled Hibernation (safe; 2% risk of failure)
Press: ? - help, Shift-Dir - straight line, f - howler monkey
Aim: a howler monkey (chance to defeat MR: 60%)
The howler monkey resists with significant effort.
The howler monkey misses you.
You hit the howler monkey. You burn the howler monkey.
The howler monkey is lightly wounded.
The howler monkey hits you.
Casting: Ensorcelled Hibernation (safe; 2% risk of failure)
Confirm with . or Enter, or press ? or * to list all spells.
Aiming: Ensorcelled Hibernation (safe; 2% risk of failure)
Press: ? - help, Shift-Dir - straight line, f/p - howler monkey
Aim: a howler monkey (lightly wounded, chance to defeat MR: 60%)
The howler monkey looks drowsy...
The helpless howler monkey fails to defend itself.
You impale the howler monkey!! You burn the howler monkey.
You kill the howler monkey!
Your Spellcasting skill increases to level 6!
You see here a howler monkey corpse.
An ogre comes into view. It is wielding a giant spiked club.
The ogre shouts!
Casting: Ensorcelled Hibernation (safe; 2% risk of failure)
Confirm with . or Enter, or press ? or * to list all spells.
Aiming: Ensorcelled Hibernation (safe; 2% risk of failure)
Press: ? - help, Shift-Dir - straight line, f - ogre
Aim: an ogre, wielding a giant spiked club (chance to defeat MR: 50%)
The ogre resists with some effort.
Casting: Ensorcelled Hibernation (safe; 2% risk of failure)
Confirm with . or Enter, or press ? or * to list all spells.
Aiming: Ensorcelled Hibernation (safe; 2% risk of failure)
Press: ? - help, Shift-Dir - straight line, f/p - ogre
Aim: an ogre, wielding a giant spiked club (chance to defeat MR: 50%)
The ogre looks drowsy...
The ogre shouts!
The ogre completely misses you.
You barely miss the ogre.
Casting: Ensorcelled Hibernation (safe; 2% risk of failure)
Confirm with . or Enter, or press ? or * to list all spells.
Aiming: Ensorcelled Hibernation (safe; 2% risk of failure)
Press: ? - help, Shift-Dir - straight line, f - you, p - ogre That would be overly suicidal.
Okay, then.
Casting: Ensorcelled Hibernation (safe; 2% risk of failure)
Confirm with . or Enter, or press ? or * to list all spells.
Aiming: Confuse (safe; 2% risk of failure)
Press: ? - help, Shift-Dir - straight line, f - ogre
Aim: an ogre, wielding a giant spiked club (chance to defeat MR: 55%)
The ogre appears confused.
You are near starving!
Casting: Confuse (safe; 2% risk of failure)
Confirm with . or Enter, or press ? or * to list all spells.
Aiming: Confuse (safe; 2% risk of failure)
Press: ? - help, Shift-Dir - straight line, f/p - ogre
Aim: an ogre, wielding a giant spiked club (confused, chance to defeat MR: 55%)
Okay, then.
Unknown command.
You hit the ogre. You burn the ogre.
The ogre is lightly wounded.
The ogre hits you with a giant spiked club!!
Ouch! That really hurt!
You hit the ogre but do no damage.
The ogre is lightly wounded.
The ogre misses you.
You barely miss the ogre.
The ogre is lightly wounded.
You hit the ogre but do no damage.
The ogre is lightly wounded.
You hit the ogre. You burn the ogre.
The ogre is lightly wounded.
You hit the ogre. You burn the ogre.
The ogre is moderately wounded.
You hit the ogre. You burn the ogre.
The ogre is heavily wounded.
The ogre hits you with a giant spiked club!
You die...

#.## #..## ##...###
## ##...... +.
##.....## ##
#.......# #.....#
#..O@# .. #.#.## #.#
#.### #.# #.# #.# #.#
##########.## #.#
#...........## #.#
#............####
#.###.#####.#...##...
#..................##


You could see an ogre (confused).

Vanquished Creatures
  Grinder (D:5)
  Menkaure (D:5)
  A phantom (D:4)
  An ice beast (D:5)
  A howler monkey (D:5)
  A jelly (D:5)
  Crazy Yiuf (D:3)
  2 bullfrog skeletons (D:5)
  A worker ant (D:4)
  5 orc wizards
  4 gnolls (D:4)
  11 adders
  A shadow imp (D:5)
  An ooze (D:1)
  An adder skeleton (D:4)
  A worm (D:2)
  2 dart slugs
  5 leopard geckos
  11 orcs
  4 bats
  6 giant cockroaches
  10 goblins
  7 hobgoblins
  30 jackals
  2 quokkas (D:2)
  5 frilled lizards
  12 kobolds
  A leopard gecko zombie (D:5)
  7 rats
136 creatures vanquished.

Notes
Turn   | Place    | Note
-------+----------+-------------------------------------------
     0 | D:1      | Mgcat the Spriggan Enchanter began the quest for the Orb.
     0 | D:1      | Reached XP level 1. HP: 9/9 MP: 5/5
   137 | D:1      | HP: 1/9 [ooze (3)]
   335 | D:1      | Reached XP level 2. HP: 10/13 MP: 4/6
   339 | D:1      | Learned a level 2 spell: Ensorcelled Hibernation
   379 | D:1      | Reached skill level 3 in Spellcasting
   923 | D:1      | Reached XP level 3. HP: 16/16 MP: 5/8
  1590 | D:1      | Reached skill level 4 in Hexes
  1711 | D:2      | Reached skill level 5 in Stealth
  1725 | D:2      | Found a glowing golden altar of the Shining One.
  1868 | D:2      | Reached XP level 4. HP: 21/21 MP: 10/10
  2029 | D:2      | Found a stormy altar of Qazlal.
  2036 | D:2      | Reached skill level 2 in Short Blades
  2296 | D:2      | Learned a level 3 spell: Confuse
  2300 | D:2      | Learned a level 3 spell: Dazzling Spray
  2465 | D:3      | Reached skill level 1 in Ice Magic
  2529 | D:3      | Reached skill level 4 in Dodging
  2556 | D:3      | Reached XP level 5. HP: 24/24 MP: 0/11
  3232 | D:3      | Reached skill level 4 in Spellcasting
  3596 | D:3      | Lost strength.
  3656 | D:3      | Reached skill level 6 in Stealth
  3997 | D:3      | Reached XP level 6. HP: 25/28 MP: 10/13
  4111 | D:3      | Found a runed door.
  4115 | D:3      | Noticed Crazy Yiuf
  4120 | D:3      | Killed Crazy Yiuf
  4120 | D:3      | Reached skill level 2 in Ice Magic
  4223 | D:4      | Reached skill level 5 in Hexes
  4646 | D:4      | Found a sacrificial altar of Ru.
  4657 | D:4      | Reached skill level 7 in Stealth
  4657 | D:4      | Reached skill level 5 in Spellcasting
  4811 | D:4      | Reached XP level 7. HP: 32/32 MP: 15/15
  5218 | D:5      | Entered Level 5 of the Dungeon
  5255 | D:5      | HP: 7/32 [phantom (6)]
  5656 | D:5      | Noticed Verendum's ghost (novice DrAE)
  5718 | D:5      | Noticed Menkaure
  5742 | D:5      | Killed Menkaure
  5939 | D:5      | Reached skill level 6 in Hexes
  5939 | D:5      | Reached skill level 3 in Ice Magic
  5966 | D:5      | Noticed Grinder
  5972 | D:5      | Killed Grinder
  5972 | D:5      | Reached skill level 8 in Stealth
  6132 | D:5      | Reached XP level 8. HP: 36/36 MP: 17/17
  6155 | D:5      | Reached skill level 6 in Spellcasting
  6203 | D:5      | Slain by an ogre

Vault maps used:
D:1:      sevenhm_arrival_forest_fort_small_5, roderic_lattice_a
D:2:      old_standard_altar, lemuel_crystal_altar, first_ration,
          kennysheep_small_spiral
D:3:      kennysheep_generic_room_5, uniq_crazy_yiuf_cottage
D:4:      nicolae_ru_great_annihilating_truth
D:5:      minmay_temple_entry_statues, uniq_grinder, uniq_menkaure

Skill      XL: |  1  2  3  4  5  6  7  8 |
---------------+-------------------------+-----
Spellcasting   | 3 4 5 6 |  6.0
Hexes          | 4 5 6 |  6.4
Stealth        | 5 6 7 8 |  8.2
Short Blades   | 2 |  2.7
Ice Magic      | 1 2 3 |  3.3
Dodging        | 4 |  4.7

Action                   |  1- 3 |  4- 6 |  7- 9 || total
-------------------------+-------+-------+-------++-------
Melee: Dagger            |   161 |    81 |       ||   242
       Short sword       |       |    46 |    73 ||   119
 Cast: Corona            |     6 |     2 |     1 ||     9
       Ensorcelled Hiber |    30 |    92 |    16 ||   138
       Confuse           |       |     9 |    12 ||    21
  Use: Scroll            |       |     5 |     4 ||     9
 Stab: Sleeping          |    27 |    62 |    18 ||   107
       Confused          |       |     4 |     5 ||     9
       Paralysed         |       |     1 |       ||     1
  Eat: Ration            |       |     3 |     1 ||     4
Armor: Robe              |    20 |     8 |     2 ||    30
Dodge: Dodged            |   134 |    77 |    28 ||   239

Table legend:
 A = Spawn XP
 B = Non-spawn XP
 C = Spawn XP percentage of total XP
 D = Spawn monster count
 E = Non-spawn monster count
 F = Spawn count percentage of total count
 G = Total turns spent on level
                    A         B        C        D         E        F      G
               +---------+---------+-------+---------+---------+-------+---------
         Total |       0 |    1575 |   0.0 |       0 |     136 |   0.0 |  6203
               +---------+---------+-------+---------+---------+-------+---------
           D:1 |       0 |      65 |   0.0 |       0 |      35 |   0.0 |  1708
           D:2 |       0 |      62 |   0.0 |       0 |      14 |   0.0 |  1435
           D:3 |       0 |     303 |   0.0 |       0 |      44 |   0.0 |  1046
           D:4 |       0 |     365 |   0.0 |       0 |      26 |   0.0 |  1297
           D:5 |       0 |     780 |   0.0 |       0 |      17 |   0.0 |   717
               +---------+---------+-------+---------+---------+-------+---------

Vault maps used:
D:1:      sevenhm_arrival_forest_fort_small_5, roderic_lattice_a
D:2:      old_standard_altar, lemuel_crystal_altar, first_ration,
          kennysheep_small_spiral
D:3:      kennysheep_generic_room_5, uniq_crazy_yiuf_cottage
D:4:      nicolae_ru_great_annihilating_truth
D:5:      minmay_temple_entry_statues, uniq_grinder, uniq_menkaure

Table legend:
 A = Turns spent in this place as a percentage of turns spent in the entire game.
 B = Non-inter-level travel turns spent in this place as a percentage of non-inter-level travel turns spent in the entire game.
 C = Inter-level travel turns spent in this place as a percentage of turns spent in this place.
 D = Turns resting spent in this place as a percentage of non-inter-level travel turns spent in this place.
 E = Turns spent auto-exploring this place as a percentage of non-inter-level travel turns spent in this place.
 F = Non-inter-level travel turns spent in this place divided by the number of levels of this place that you've seen.
                   A       B       C       D       E      F
               +-------+-------+-------+-------+-------+----------------------
         Total | 100.0 | 100.0 |   5.2 |   9.7 |  66.9 | 1176.4
       Dungeon | 100.0 | 100.0 |   5.2 |   9.7 |  66.9 | 1176.4
               +-------+-------+-------+-------+-------+----------------------

Table legend:
 A = Kills in this place as a percentage of kills in entire the game.
 B = Kills by you in this place as a percentage of kills by you in the entire game.
 C = Kills by friends in this place as a percentage of kills by friends in the entire game.
 D = Other kills in this place as a percentage of other kills in the entire game.
 E = Experience gained in this place as a percentage of experience gained in the entire game.
 F = Experience gained in this place divided by the number of levels of this place that you have seen.
                   A       B       C       D       E      F
               +-------+-------+-------+-------+-------+----------------------
         Total | 100.0 | 100.0 |   N/A |   N/A | 100.0 | 315.0
       Dungeon | 100.0 | 100.0 |   N/A |   N/A | 100.0 | 315.0
               +-------+-------+-------+-------+-------+----------------------
